 Dungeon Crawl Stone Soup version bcrawl-1.21.2-1-g32d02e0829 (webtiles) character file.

Game seed: 8513722024468047130

423 Foic the Magician (level 6, 0/32 HPs)
             Began as an Avariel Wizard on Feb 19, 2020.
             Killed by nerve-wracking pain
             ... invoked by Menkaure
              (7 damage)
             ... on level 5 of the Dungeon.
             The game lasted 00:26:01 (6037 turns).

Foic the Magician (Avariel Wizard)                  Turns: 6037, Time: 00:26:01

Health: 0/32       AC:  5    Str:  5    XL:     6   Next: 95%
Magic:  10/18      EV:  6    Int: 26    God:
Gold:   343        SH:  0    Dex: 11    Spells: 12/20 levels left

rFire    . . .     SeeInvis .   a - +0 staff
rCold    . . .     Gourm    .   (no shield)
rNeg     . . .     Faith    .   m - +0 leather armour
rPois    .         Spirit   .   s - +0 helmet
rElec    .         Reflect  .   g - +0 cloak
rCorr    .         Harm     .   (no gloves)
MR       .....                  (no boots)
Stlth    ++........             (no amulet)
HPRegen  0.10/turn              t - -5 ring of evasion (curse)
MPRegen  0.16/turn              (no ring)

@: no status effects
A: no striking features
a: no special abilities


You were on level 5 of the Dungeon.
You were hungry.

You visited 1 branch of the dungeon, and saw 5 of its levels.

You collected 343 gold pieces.

Inventory:

Hand Weapons
 a - a +0 staff (weapon)
Missiles
 p - 698 stones (quivered)
 q - 323 arrows
Armour
 b - a +0 robe
 d - a +0 ring mail
 g - a +0 cloak (worn)
 m - a +0 leather armour (worn)
 n - a +2 hat
 s - a +0 helmet (worn)
Jewellery
 h - a +3 ring of protection {unknown}
 k - an uncursed ring of protection from fire {unknown}
 t - a cursed -5 ring of evasion (left hand)
Wands
 l - a wand of enslavement (6)
Scrolls
 c - a scroll of fear
 i - a scroll of remove curse {unknown}
 j - a scroll of teleportation
 o - 2 scrolls of fog
 u - a scroll of identify
Potions
 f - a potion of brilliance
 r - a potion of mutation {unknown}
Comestibles
 e - 4 rations {!d}


   Skills:
 + Level 0.1 Fighting
 + Level 1.0 Armour
 + Level 2.4 Dodging
 + Level 2.6 Stealth
 + Level 7.5 Spellcasting
 + Level 3.1 Conjurations
 + Level 3.6 Summonings
 + Level 1.1 Translocations


You had 12 spell levels left.
You knew the following spells:

 Your Spells              Type           Power        Failure   Level  Hunger
a - Magic Dart            Conj           ####         2%          1    None
b - Blink                 Tloc           N/A          9%          2    None
c - Call Imp              Summ           ####..       3%          2    None
d - Conjure Flame         Conj/Fire      ###.....     16%         3    None

Your spell library contained the following spells:

 Spells                   Type           Power        Failure   Level  Hunger
 Mephitic Cloud           Conj/Pois/Air  ###.....     19%         3    None
 Spider Form              Tmut/Pois      #..          28%         3    None


Dungeon Overview and Level Annotations

Branches:
Dungeon (5/12)
 Temple: D:4-7

Altars:
Ashenzari
Cheibriados
Dithmenos
Makhleb
Okawaru
Wu Jian

Annotations:
D:3 2 runed translucent doors, Ijyb; nione's ghost, amateur MiBe
D:5 Menkaure


Message History

Menkaure barely misses your shadow imp.
Your shadow imp hits Menkaure but does no damage.
Menkaure hits your shadow imp!!
Your shadow imp dies!
Your iron imp hits Menkaure.
Menkaure hits your iron imp.
Menkaure hums drily.
Menkaure hits your iron imp!!
Your iron imp dies!
Your crimson imp hits Menkaure.
Casting: Call Imp (safe; 3% risk of failure)
Confirm with . or Enter, or press ? or * to list all spells.
A shadowy apparition takes form in the air.
You swap places.
Your shadow imp barely misses Menkaure.
Menkaure calls on the powers of darkness!
Your body is wracked with pain!
* * * LOW HITPOINT WARNING * * *
Your shadow imp hits Menkaure.
Menkaure points at you and mumbles some strange words.
Pain shoots through your body!
You die...

#.# #.### #.# #.# #.#
#.# #.# #.# #.# #.#
#.# #.# #.# #.#
#5###############.###
#5M.@................
#################.###
#...... #######


You could see Menkaure, a friendly crimson imp and a friendly shadow imp.

Vanquished Creatures
  A scorpion (D:4)
  A crimson imp (D:3)
  An orc priest (D:3)
  3 orc wizards
  A hound zombie (D:4)
  Robin (D:3)
  3 adders
  2 oozes
  An adder skeleton (D:4)
  2 worms
  2 leopard geckos
  6 orcs
  A giant cockroach (D:1)
  7 goblins
  9 hobgoblins
  3 jackals
  7 kobolds
  A quokka (D:2)
  A ball python (D:1)
  4 bats
  3 frilled lizards
  4 rats
64 creatures vanquished.

Vanquished Creatures (collateral kills)
  Blork the orc (D:5)
  2 hounds (D:4)
  A centaur skeleton (D:4)
  A worker ant (D:5)
  A hound zombie (D:5)
  A worker ant zombie (D:5)
  2 adders
  An ooze (D:3)
  7 orcs
  2 goblins (D:3)
  3 hobgoblins (D:3)
  4 jackals
  A quokka (D:4)
  A frilled lizard (D:4)
  A kobold (D:3)
29 creatures vanquished.

Grand Total: 93 creatures vanquished

Notes
Turn   | Place    | Note
-------+----------+-------------------------------------------
     0 | D:1      | Foic the Avariel Wizard began the quest for the Orb.
     0 | D:1      | Reached XP level 1. HP: 10/10 MP: 7/7
   173 | D:1      | Reached XP level 2. HP: 15/15 MP: 5/9
   177 | D:1      | Learned a level 2 spell: Blink
   180 | D:1      | Learned a level 2 spell: Call Imp
   844 | D:2      | Found a snail-covered altar of Cheibriados.
  1064 | D:2      | Found an iron altar of Okawaru.
  1067 | D:2      | Found an ornate altar of the Wu Jian Council.
  1070 | D:2      | Found a shattered altar of Ashenzari.
  1081 | D:2      | Reached skill level 5 in Spellcasting
  1081 | D:2      | Reached XP level 3. HP: 12/19 MP: 5/11
  1333 | D:2      | Learned a level 3 spell: Conjure Flame
  1853 | D:3      | Found a large runed translucent door.
  1854 | D:3      | Found a large runed translucent door.
  1962 | D:3      | Reached XP level 4. HP: 8/24 MP: 3/13
  2181 | D:3      | Noticed nione's ghost (amateur MiBe)
  2583 | D:3      | Reached skill level 6 in Spellcasting
  2583 | D:3      | Reached XP level 5. HP: 28/28 MP: 4/15
  2730 | D:3      | Reached skill level 1 in Translocations
  2925 | D:3      | Noticed Ijyb
  3446 | D:3      | Noticed Robin
  3483 | D:3      | Killed Robin
  4238 | D:4      | Reached XP level 6. HP: 32/32 MP: 9/17
  4328 | D:4      | Found a burning altar of Makhleb.
  5044 | D:4      | Reached skill level 1 in Armour
  5184 | D:4      | Found a shadowy altar of Dithmenos.
  5360 | D:5      | Entered Level 5 of the Dungeon
  5369 | D:5      | Reached skill level 7 in Spellcasting
  5564 | D:5      | Noticed Blork the orc
  5620 | D:5      | Killed Blork the orc
  6011 | D:5      | Noticed Menkaure
  6037 | D:5      | Killed from afar by Menkaure

Skill      XL: |  1  2  3  4  5  6 |
---------------+-------------------+-----
Spellcasting   | 5 6 7 |  7.5
Conjurations   | 2 3 |  3.1
Translocations | 1 |  1.1
Summonings     | 3 |  3.6
Armour         | 1 |  1.0
Fighting       | |  0.1
Dodging        | |  2.4
Stealth        | |  2.6

Action                   |  1- 3 |  4- 6 || total
-------------------------+-------+-------++-------
 Cast: Magic Dart        |    92 |    98 ||   190
       Blink             |     3 |    11 ||    14
       Call Imp          |     2 |    63 ||    65
  Use: Potion            |       |     3 ||     3
       Scroll            |       |     6 ||     6
  Eat: Chunk             |     3 |     8 ||    11
       Ration            |       |     1 ||     1
Armor: Leather armour    |     1 |    17 ||    18
       Skin              |       |     6 ||     6
Dodge: Dodged            |     7 |    32 ||    39
